 Dungeon Crawl Stone Soup version 0.19.0-2-gae57169 (webtiles) character file.

19306 HungrySpirit the Severer (level 12, 0/115 HPs)
             Began as a Minotaur Berserker on Nov 5, 2016.
             Was a High Priest of Trog.
             Engulfed by a cloud of freezing vapour (23 damage)
             ... on level 11 of the Dungeon on Nov 6, 2016.
             The game lasted 00:15:54 (10021 turns).

HungrySpirit the Severer (Minotaur Berserker)      Turns: 10021, Time: 00:15:54

Health: 0/115      AC: 15    Str: 26    XL:     12   Next: 35%
Magic:  11/11      EV:  7    Int:  5    God:    Trog [*****.]
Gold:   696        SH:  6    Dex: 10    Spells: 0 memorised, 11 levels left

rFire  . . .     SeeInvis +     f - +4 broad axe (elec)
rCold  . . .     Gourm    .     G - +0 plate armour
rNeg   . . .     Faith    .     j - +0 buckler {AC+3}
rPois  +         Spirit   .     (helmet restricted)
rElec  .         Reflect  .     J - +0 cloak {rPois}
rCorr  .         Harm     .     (no gloves)
MR     .....                    (no boots)
Stlth  ..........               (no amulet)
                                y - ring "Gaor" {Slay+3 SInv}
                                M - ring of stealth

@: about to teleport
A: retaliatory headbutt, horns 2
a: Berserk, Trog's Hand, Brothers in Arms, Burn Spellbooks, Renounce Religion


You were on level 11 of the Dungeon.
You worshipped Trog.
Trog was extremely pleased with you.
You were not hungry.

You visited 1 branch of the dungeon, and saw 11 of its levels.

You collected 696 gold pieces.

Inventory:

Hand Weapons
 f - a +4 broad axe of electrocution (weapon)
Armour
 j - a +0 buckler of protection (worn)
 G - a +0 plate armour (worn)
 J - a +0 cloak of poison resistance (worn)
Jewellery
 y - the ring "Gaor" (right hand) {Slay+3 SInv}
   (You found it on level 10 of the Dungeon)

   [ring of see invisible]

   It affects your accuracy and damage with ranged weapons and melee attacks
   (+3).
   It lets you see invisible.
 M - a ring of stealth (left hand)
Wands
 a - a wand of paralysis (13/24)
 l - a wand of flame (20/48)
 t - a wand of random effects (21/48)
 F - a wand of lightning (6/15)
 K - a wand of enslavement (18/24)
 L - a wand of disintegration (15/24)
 N - a wand of teleportation (6/9)
Scrolls
 b - 7 scrolls of identify
 e - 2 scrolls of magic mapping
 g - 4 scrolls of remove curse
 o - a scroll of blinking {unknown}
 q - 3 scrolls of fear {unknown}
 r - 4 scrolls of teleportation
 v - 2 scrolls of random uselessness {unknown}
 x - 4 scrolls of fog {unknown}
 D - a scroll of amnesia {unknown}
 I - a scroll of recharging {unknown}
Potions
 d - a potion of haste
 h - a potion of cancellation
 i - a potion of flight
 m - a potion of agility
 n - a potion of magic {unknown}
 p - a potion of lignification
 w - a potion of might {unknown}
 z - a potion of ambrosia {unknown}
 B - 3 potions of mutation {unknown}
 C - a potion of invisibility {unknown}
 P - 2 potions of brilliance {unknown}
 Q - a potion of heal wounds {unknown}
Comestibles
 c - 5 bread rations
 k - 7 meat rations
 s - 2 fruits
 u - a royal jelly
 E - 7 beef jerkies
 H - 3 slices of pizza


   Skills:
 + Level 13.1 Fighting
 * Level 17.3 Axes
 - Level 2.4 Armour
 - Level 2.1 Dodging
 - Level 10.0 Shields


You had 11 spell levels left.
You didn't know any spells.

Dungeon Overview and Level Annotations

Branches:
Dungeon (11/15)            Temple (0/1) D:5            Lair (0/6) D:10
    Orc (0/2) D:10

Altars:
Ashenzari
Elyvilon
Fedhas
Hepliaklqana
Makhleb
Okawaru
Trog
Uskayaw
Yredelemnul
Zin

Shops:
D:10 [

Portals:
Trove: D:11 (give 11 potions of heal wounds)


Innate Abilities, Weirdness & Mutations

You reflexively headbutt those who attack you in melee.
You have a pair of horns on your head.


Message History

You are engulfed in freezing vapours.
You are engulfed in freezing vapours.
Things that are here:
a potion of haste; a beef jerky
k - 7 meat rations (gained 1)
You are engulfed in freezing vapours.
You are engulfed in freezing vapours.
d - a potion of haste;
E - 7 beef jerkies (gained 1)
You are engulfed in freezing vapours.
* * * LOW HITPOINT WARNING * * *
You feel better.
You are engulfed in freezing vapours.
* * * LOW HITPOINT WARNING * * *
As you read the scroll labeled QYIXUG IWKA, it crumbles to dust.
You feel strangely unstable.
It was a scroll of teleportation.
You are engulfed in freezing vapours.
* * * LOW HITPOINT WARNING * * *
You are engulfed in freezing vapours.
* * * LOW HITPOINT WARNING * * *
You feel better.
You are engulfed in freezing vapours.
You die...

#.#...#.......#..(............'..
#.'...#.......#'#####'#####'###..
#.#...#.......#.#...#.#...#)#....
#.#####..>...##.#...#.#...#.#....
...))........##§##.##'##.##'##...
####)........#§§§#.#...#.#...#...
#..#.........#§§§#.#...#.#...#...
#..#)##......#§§§#.#...#.#...#...
#...).#......#§§@#.#...#.#...#...
#.....'......#####.#####.#####...
#.....#..........................
#....(#........).................
#.....#........)..............###
####..#........)..............#
...####.......................#
..............................#
............#'#####...........#


There were no monsters in sight!

Vanquished Creatures
  7 death yaks (D:11)
  The ghost of p0werm0de the Fighter, a novice TeSu of Dithmenos (D:10)
  3 hill giants
  Pikel (D:5)
  2 cyclopes (D:11)
  Joseph (D:7)
  A gargoyle (D:11)
  A spiny frog (D:10)
  A troll (D:11)
  Grinder (D:6)
  4 dream sheep (D:11)
  3 hippogriffs
  Sigmund (D:6)
  A wyvern (D:10)
  24 yaks
  2 hungry ghosts
  Duvessa (D:7)
  4 slaves (D:5)
  3 sky beasts
  A black bear (D:7)
  5 orc warriors
  3 ogres
  6 necrophages
  4 centaurs
  8 bullfrogs
  2 big kobolds
  Dowan (D:7)
  3 scorpions
  11 wights
  A crimson imp (D:5)
  3 centaur zombies (D:6)
  2 jellies
  2 orc priests
  4 bullfrog skeletons
  6 hounds
  8 orc wizards
  3 centaur skeletons
  Crazy Yiuf (D:5)
  2 iguanas
  Natasha (thrice) (D:2)
  Ijyb (D:3)
  8 worker ants
  A hound zombie (D:6)
  Robin (D:3)
  2 worker ant zombies
  7 gnolls
  12 adders
  A howler monkey skeleton (D:4)
  A shadow imp (D:7)
  2 oozes
  4 worms
  8 leopard geckos
  60 orcs
  A ball python (D:1)
  6 bats
  6 giant cockroaches
  16 goblins
  10 hobgoblins
  9 jackals
  23 kobolds
  6 quokkas
  A ball python zombie (D:6)
  5 frilled lizards
  A jackal skeleton (D:9)
  A leopard gecko zombie (D:6)
  5 rats
  A bush (D:6)
  3 plants (D:6)
343 creatures vanquished.

Vanquished Creatures (others)
  3 humans (D:11)
  An orc warrior (D:11)
  An orc (D:11)
5 creatures vanquished.

Grand Total: 348 creatures vanquished

Notes
Turn   | Place    | Note
-------+----------+-------------------------------------------
     0 | D:1      | HungrySpirit the Minotaur Berserker began the quest for the Orb.
     0 | D:1      | Reached XP level 1. HP: 19/19 MP: 0/0
    73 | D:1      | Reached skill level 4 in Axes
    86 | D:1      | Reached XP level 2. HP: 23/27 MP: 1/1
   558 | D:2      | Found a basalt altar of Yredelemnul.
   563 | D:2      | Reached XP level 3. HP: 33/33 MP: 2/2
   573 | D:2      | Noticed Natasha
   580 | D:2      | Killed Natasha
   580 | D:2      | Reached skill level 5 in Axes
   753 | D:2      | Noticed Natasha
   756 | D:2      | Reached XP level 4. HP: 40/41 MP: 3/3
   757 | D:2      | Killed Natasha
   757 | D:2      | Reached ** piety under Trog
   803 | D:2      | HP: 2/41 [poisoned by a kobold]
   811 | D:2      | HP: 2/41 [poisoned by a kobold]
  1012 | D:2      | Noticed Natasha
  1020 | D:2      | Killed Natasha
  1020 | D:2      | Reached skill level 1 in Shields
  1450 | D:2      | Reached XP level 5. HP: 46/47 MP: 4/4
  1476 | D:2      | Reached skill level 5 in Fighting
  1477 | D:2      | Reached skill level 6 in Axes
  1717 | D:3      | Noticed Robin
  1726 | D:3      | Killed Robin
  1794 | D:3      | Noticed Ijyb
  1815 | D:3      | Killed Ijyb
  1911 | D:3      | Reached *** piety under Trog
  2064 | D:3      | Reached XP level 6. HP: 46/56 MP: 5/5
  2085 | D:3      | Found a glowing silver altar of Zin.
  2385 | D:4      | Reached skill level 7 in Axes
  2675 | D:4      | Reached XP level 7. HP: 60/63 MP: 6/6
  2796 | D:5      | Entered Level 5 of the Dungeon
  2811 | D:5      | Reached **** piety under Trog
  2890 | D:5      | You fall through a shaft for 2 floors!
  2936 | D:7      | Reached skill level 8 in Axes
  3002 | D:7      | Noticed a hippogriff
  3018 | D:7      | Killed a hippogriff
  3195 | D:7      | Reached XP level 8. HP: 59/71 MP: 7/7
  3243 | D:6      | Reached skill level 5 in Shields
  3270 | D:5      | Reached skill level 9 in Axes
  3334 | D:5      | Noticed Pikel
  3355 | D:5      | Killed Pikel
  3444 | D:5      | Found a white marble altar of Elyvilon.
  3492 | D:5      | Reached skill level 10 in Axes
  3581 | D:5      | Found a runed door.
  3924 | D:5      | Found a staircase to the Ecumenical Temple.
  4036 | D:5      | Noticed Crazy Yiuf
  4041 | D:5      | Killed Crazy Yiuf
  4217 | D:6      | Noticed Grinder
  4223 | D:6      | Killed Grinder
  4223 | D:6      | Reached XP level 9. HP: 81/81 MP: 8/8
  4287 | D:6      | Noticed Sigmund
  4300 | D:6      | Killed Sigmund
  4300 | D:6      | Reached skill level 11 in Axes
  4322 | D:6      | Reached ***** piety under Trog
  4635 | D:6      | Found a blossoming altar of Fedhas.
  4679 | D:6      | Found a shattered altar of Ashenzari.
  4914 | D:6      | Found a hide-covered altar of Uskayaw.
  5445 | D:7      | Noticed Duvessa
  5446 | D:7      | Noticed Dowan
  5450 | D:7      | Killed Duvessa
  5459 | D:7      | Killed Dowan
  5525 | D:7      | Noticed Joseph
  5533 | D:7      | Killed Joseph
  5533 | D:7      | Reached skill level 12 in Axes
  5537 | D:7      | Received a gift from Trog
  5731 | D:8      | Reached XP level 10. HP: 85/90 MP: 9/9
  6591 | D:9      | Reached skill level 10 in Fighting
  6595 | D:9      | Found a hazy altar of Hepliaklqana.
  6595 | D:9      | Found an iron altar of Okawaru.
  6595 | D:9      | Found a bloodstained altar of Trog.
  6599 | D:9      | Found a burning altar of Makhleb.
  6864 | D:9      | Reached skill level 13 in Axes
  7041 | D:10     | Entered Level 10 of the Dungeon
  7048 | D:10     | Noticed p0werm0de's ghost (novice TeSu)
  7077 | D:10     | Killed p0werm0de's ghost
  7306 | D:10     | Noticed a spiny frog
  7316 | D:10     | Killed a spiny frog
  7316 | D:10     | Reached skill level 14 in Axes
  7361 | D:10     | Found a staircase to the Lair.
  7369 | D:10     | Found Cown's Armour Shoppe.
  7449 | D:10     | Noticed a hill giant
  7456 | D:10     | Killed a hill giant
  7456 | D:10     | Reached XP level 11. HP: 100/100 MP: 10/10
  7461 | D:10     | Reached skill level 10 in Shields
  7782 | D:10     | Received a gift from Trog
  7986 | D:10     | Found a staircase to the Orcish Mines.
  8086 | D:10     | Got a slimy bone ring
  8277 | D:11     | Noticed a death yak
  8277 | D:11     | Noticed a death yak
  8278 | D:11     | Noticed a death yak
  8325 | D:11     | Reached skill level 15 in Axes
  8653 | D:11     | Found a portal to a secret trove of treasure.
  9025 | D:11     | Noticed a death yak
  9028 | D:11     | Killed a death yak
  9030 | D:11     | Noticed a death yak
  9032 | D:11     | Killed a death yak
  9033 | D:11     | Noticed a death yak
  9035 | D:11     | Noticed a death yak
  9035 | D:11     | Reached skill level 16 in Axes
  9039 | D:11     | Killed a death yak
  9043 | D:11     | Killed a death yak
  9048 | D:11     | Killed a death yak
  9048 | D:11     | Reached XP level 12. HP: 68/112 MP: 11/11
  9057 | D:11     | Killed a death yak
  9057 | D:11     | Received a gift from Trog
  9073 | D:11     | Killed a death yak
  9093 | D:11     | Reached skill level 17 in Axes
  9464 | D:11     | Identified the ring "Gaor" {Slay+3 SInv} (You found it on level 10 of the Dungeon)
 10021 | D:11     | Engulfed by a cloud of freezing vapour

Skill      XL: |  1  2  3  4  5  6  7  8  9 10 11 12 |
---------------+-------------------------------------+-----
Axes           | 4 5 6 7 8 10 12 14 16 17 | 17.3
Fighting       | 4 5 6 7 8 9 10 12 13 | 13.1
Shields        | 1 2 3 4 6 8 9 10 | 10.0
Armour         | |  2.4
Dodging        | |  2.1

Action                   |  1- 3 |  4- 6 |  7- 9 | 10-12 || total
-------------------------+-------+-------+-------+-------++-------
Melee: Hand axe          |    51 |   178 |    90 |       ||   319
       Headbutt          |     6 |    31 |    67 |    74 ||   178
       War axe           |       |       |   188 |   201 ||   389
       Broad axe         |       |       |       |   178 ||   178
Invok: Berserk           |       |     3 |     6 |     9 ||    18
       Burn Spellbooks   |       |       |       |     1 ||     1
  Use: Scroll            |       |       |     4 |     6 ||    10
       Potion            |       |       |       |     6 ||     6
  Eat: Chunk             |       |     7 |    16 |    22 ||    45
       Beef jerky        |       |     1 |       |       ||     1
       Fruit             |       |       |       |     1 ||     1
Armor: Animal skin       |     1 |       |       |       ||     1
       Scale mail        |    19 |    67 |   112 |    48 ||   246
       Plate armour      |       |       |       |    40 ||    40
       Skin              |       |       |       |    11 ||    11
Dodge: Dodged            |    23 |    76 |   115 |    83 ||   297
Block: Buckler           |       |     7 |    48 |    56 ||   111
